[ AOE2 MATCH · #504538577 ]
UnrankedPersians vs Byzantines
Player's team · LOSS
Rival team · WIN
[ REPLAY ANALYSIS · EXTRACTED FROM THE RECORDED GAME ]
Feudal
10:32
Castle
20:34
Imperial
39:39
| APM avg | 76.0 |
| APM peak | 117 |
| eAPM avg | 36.9 |
| Villagers / military | 179 / 440 |
Focus
⚔️ 43.4% · 🌾 56.6%
Skirmisher ×116 · Scout Cavalry ×95 · Knight ×90 · Archer ×79 · Camel Scout ×32 · Monk ×10
Feudal
9:03
Castle
19:58
Imperial
30:31
| APM avg | 70.3 |
| APM peak | 123 |
| eAPM avg | 46.1 |
| Villagers / military | 221 / 567 |
Focus
⚔️ 48.4% · 🌾 51.6%
Spearman ×244 · Skirmisher ×111 · Camel Scout ×90 · Archer ×49 · Cataphract ×13 · Scout Cavalry ×13
Match map
Initial resources + every placement click. Lines = walls · curves = elevation contours. ◆ gold · ⬟ stone · ● berries · ✦ relic · ◌ wall gap
Your base· ✓ Closed at 20:34 · 41t walls · no gate
Dimo's base· Open — opponent sealed themselves in
Smoothed initial terrain · ◌ = detected wall gap · hover for details
Inputs per minute
— Lighty - - Dimo
Build order — Lighty
First 150 of 903 actions detected
| 0:01 | Create | Villager (Male) |
| 0:02 | Build | House |
| 0:02 | Build | House |
| 0:08 | Create | Villager (Male) |
| 0:08 | Create | Villager (Male) |
| 0:09 | Create | Villager (Male) |
| 0:09 | Create | Villager (Male) |
| 1:33 | Create | Villager (Male) |
| 1:33 | Create | Villager (Male) |
| 1:45 | Create | Villager (Male) |
| 1:52 | Build | Lumber Camp |
| 2:39 | Create | Villager (Male) |
| 2:39 | Create | Villager (Male) |
| 3:23 | Build | House |
| 3:38 | Create | Villager (Male) |
| 3:59 | Create | Villager (Male) |
| 3:59 | Create | Villager (Male) |
| 4:03 | Build | Barracks |
| 4:29 | Create | Villager (Male) |
| 4:41 | Build | House |
| 4:59 | Build | House |
| 5:04 | Create | Militia |
| 5:04 | Create | Militia |
| 5:05 | Create | Villager (Male) |
| 5:32 | Create | Villager (Male) |
| 5:47 | Create | Villager (Male) |
| 5:59 | Build | Mill |
| 6:08 | Create | Villager (Male) |
| 6:32 | Create | Villager (Male) |
| 6:41 | Build | Mill |
| 7:14 | Create | Villager (Male) |
| 7:27 | Create | Villager (Male) |
| 7:38 | Research | Loom |
| 8:24 | Create | Villager (Male) |
| 8:28 | Research | Feudal Age |
| 9:02 | Build | House |
| 9:08 | Build | Mining Camp |
| 9:33 | Build | House |
| 9:42 | Create | Villager (Male) |
| 9:59 | Create | Militia |
| 10:32 | Age | Feudal Age |
| 10:33 | Create | Villager (Male) |
| 10:35 | Build | Archery Range |
| 10:46 | Create | Militia |
| 10:49 | Research | Horse Collar |
| 10:49 | Research | Horse Collar |
| 10:50 | Research | Double-Bit Axe |
| 10:50 | Research | Double-Bit Axe |
| 10:59 | Create | Villager (Male) |
| 11:05 | Build | Palisade Wall |
| 11:07 | Build | House |
| 11:24 | Research | Man-at-Arms (upgrade) |
| 11:25 | Create | Villager (Male) |
| 11:27 | Build | Farm |
| 11:28 | Build | Farm |
| 11:30 | Build | Farm |
| 11:41 | Create | Villager (Male) |
| 11:49 | Create | Skirmisher |
| 11:49 | Create | Villager (Male) |
| 11:59 | Create | Skirmisher |
| 12:09 | Build | Farm |
| 12:15 | Build | House |
| 12:16 | Build | Palisade Wall |
| 12:19 | Build | Palisade Wall |
| 12:26 | Build | Farm |
| 12:28 | Create | Villager (Male) |
| 12:37 | Build | Farm |
| 12:38 | Create | Skirmisher |
| 12:52 | Build | Farm |
| 12:56 | Build | Palisade Wall |
| 13:00 | Create | Villager (Male) |
| 13:12 | Create | Skirmisher |
| 13:18 | Create | Villager (Male) |
| 13:19 | Build | Farm |
| 13:41 | Create | Villager (Male) |
| 13:41 | Create | Skirmisher |
| 13:43 | Build | Farm |
| 13:44 | Build | Farm |
| 14:08 | Create | Villager (Male) |
| 14:10 | Build | Lumber Camp |
| 14:22 | Build | Farm |
| 14:29 | Build | House |
| 14:31 | Build | Palisade Wall |
| 14:41 | Create | Villager (Male) |
| 14:51 | Build | Farm |
| 14:51 | Build | Farm |
| 15:02 | Build | Farm |
| 15:03 | Create | Villager (Male) |
| 15:11 | Build | Palisade Wall |
| 15:14 | Build | House |
| 15:24 | Create | Villager (Male) |
| 15:42 | Build | Blacksmith |
| 15:51 | Create | Villager (Male) |
| 15:57 | Create | Skirmisher |
| 15:58 | Create | Skirmisher |
| 15:58 | Create | Villager (Male) |
| 16:10 | Build | House |
| 16:33 | Research | Fletching |
| 16:33 | Research | Fletching |
| 16:38 | Create | Villager (Male) |
| 16:39 | Create | Villager (Male) |
| 16:40 | Build | House |
| 16:58 | Create | Villager (Male) |
| 17:12 | Build | Market |
| 17:27 | Build | Farm |
| 17:29 | Build | Farm |
| 17:45 | Create | Villager (Male) |
| 17:50 | Build | Farm |
| 17:52 | Build | Lumber Camp |
| 18:07 | Research | Castle Age |
| 18:07 | Research | Castle Age |
| 18:11 | Create | Skirmisher |
| 18:26 | Create | Skirmisher |
| 18:42 | Build | Farm |
| 18:43 | Build | Farm |
| 18:54 | Research | Padded Archer Armor |
| 18:54 | Research | Gold Mining |
| 18:55 | Research | Gold Mining |
| 19:06 | Create | Skirmisher |
| 19:23 | Build | Palisade Gate |
| 19:24 | Build | Palisade Wall |
| 19:26 | Build | Palisade Wall |
| 19:34 | Create | Skirmisher |
| 19:46 | Create | Spearman |
| 20:18 | Create | Villager (Male) |
| 20:21 | Build | Stable |
| 20:34 | Age | Castle Age |
| 20:37 | Research | Elite Skirmisher (upgrade) |
| 20:37 | Research | Elite Skirmisher (upgrade) |
| 20:38 | Research | Bodkin Arrow |
| 20:38 | Research | Bodkin Arrow |
| 20:41 | Research | Bow Saw |
| 20:41 | Research | Bow Saw |
| 20:52 | Create | Villager (Male) |
| 20:57 | Research | Leather Archer Armor |
| 20:57 | Research | Leather Archer Armor |
| 21:14 | Create | Villager (Male) |
| 21:14 | Create | Skirmisher |
| 21:35 | Create | Villager (Male) |
| 21:35 | Create | Skirmisher |
| 21:43 | Create | Knight |
| 21:45 | Create | Villager (Male) |
| 21:47 | Build | Monastery |
| 22:08 | Create | Villager (Male) |
| 22:08 | Create | Skirmisher |
| 22:19 | Create | Knight |
| 22:39 | Build | Town Center |
| 22:49 | Build | Palisade Gate |
| 22:55 | Create | Villager (Male) |
| 22:55 | Create | Skirmisher |
Build order — Dimo
First 150 of 996 actions detected
| 0:00 | Create | Villager (Male) |
| 0:01 | Build | House |
| 0:02 | Build | House |
| 0:06 | Create | Villager (Male) |
| 0:06 | Create | Villager (Male) |
| 0:09 | Create | Villager (Male) |
| 1:27 | Create | Villager (Male) |
| 1:27 | Create | Villager (Male) |
| 1:50 | Create | Villager (Male) |
| 1:50 | Create | Villager (Male) |
| 2:05 | Build | Lumber Camp |
| 2:24 | Create | Villager (Male) |
| 2:25 | Create | Villager (Male) |
| 2:52 | Create | Villager (Male) |
| 2:53 | Create | Villager (Male) |
| 2:53 | Create | Villager (Male) |
| 3:03 | Build | House |
| 3:36 | Create | Villager (Male) |
| 3:48 | Build | House |
| 4:01 | Create | Villager (Male) |
| 4:02 | Create | Villager (Male) |
| 4:25 | Build | Palisade Gate |
| 4:29 | Create | Villager (Male) |
| 4:35 | Create | Villager (Male) |
| 4:41 | Build | Mill |
| 5:18 | Create | Villager (Male) |
| 5:30 | Build | Palisade Wall |
| 5:45 | Build | House |
| 5:53 | Build | Palisade Wall |
| 5:54 | Research | Loom |
| 6:14 | Build | Farm |
| 6:16 | Create | Villager (Male) |
| 6:20 | Build | House |
| 6:53 | Research | Feudal Age |
| 6:53 | Research | Feudal Age |
| 7:37 | Create | Villager (Male) |
| 7:40 | Build | Lumber Camp |
| 7:53 | Build | Palisade Wall |
| 7:58 | Build | Palisade Wall |
| 8:42 | Build | Barracks |
| 9:03 | Age | Feudal Age |
| 9:05 | Create | Villager (Male) |
| 9:05 | Research | Double-Bit Axe |
| 9:27 | Research | Horse Collar |
| 9:40 | Create | Spearman |
| 9:44 | Create | Villager (Male) |
| 9:49 | Build | Farm |
| 9:55 | Create | Villager (Male) |
| 10:08 | Create | Villager (Male) |
| 10:15 | Build | Farm |
| 10:26 | Create | Villager (Male) |
| 10:30 | Build | House |
| 10:35 | Build | House |
| 10:35 | Build | House |
| 10:52 | Create | Villager (Male) |
| 11:01 | Build | Archery Range |
| 11:17 | Create | Villager (Male) |
| 11:29 | Build | Mining Camp |
| 11:50 | Build | Farm |
| 11:53 | Create | Villager (Male) |
| 11:54 | Create | Archer |
| 11:59 | Build | House |
| 12:03 | Build | House |
| 12:17 | Build | Farm |
| 12:24 | Create | Villager (Male) |
| 12:38 | Build | Farm |
| 13:09 | Build | Blacksmith |
| 13:11 | Create | Archer |
| 13:13 | Create | Villager (Male) |
| 13:21 | Build | Farm |
| 13:24 | Create | Villager (Male) |
| 13:26 | Build | House |
| 13:29 | Build | House |
| 13:35 | Create | Spearman |
| 13:38 | Create | Villager (Male) |
| 13:45 | Build | Farm |
| 13:50 | Create | Archer |
| 14:04 | Build | House |
| 14:05 | Build | House |
| 14:10 | Research | Fletching |
| 14:11 | Create | Villager (Male) |
| 14:31 | Build | Farm |
| 14:36 | Create | Archer |
| 14:42 | Build | House |
| 14:46 | Create | Villager (Male) |
| 14:55 | Create | Villager (Male) |
| 14:59 | Create | Archer |
| 15:06 | Build | Farm |
| 15:26 | Create | Villager (Male) |
| 15:45 | Create | Skirmisher |
| 15:48 | Create | Archer |
| 15:52 | Create | Villager (Male) |
| 16:05 | Create | Archer |
| 16:07 | Create | Villager (Male) |
| 16:21 | Build | Market |
| 16:40 | Build | Farm |
| 17:13 | Build | Farm |
| 17:17 | Build | Farm |
| 17:18 | Research | Castle Age |
| 17:18 | Research | Castle Age |
| 17:22 | Build | Farm |
| 17:26 | Create | Archer |
| 17:42 | Build | Stable |
| 17:58 | Build | Farm |
| 18:02 | Create | Archer |
| 18:21 | Create | Archer |
| 18:31 | Build | House |
| 18:38 | Research | Gold Mining |
| 18:39 | Build | Farm |
| 19:22 | Build | House |
| 19:28 | Create | Archer |
| 19:33 | Create | Villager (Male) |
| 19:58 | Age | Castle Age |
| 20:00 | Create | Knight |
| 20:06 | Research | Crossbowman (upgrade) |
| 20:06 | Create | Villager (Male) |
| 20:10 | Build | Town Center |
| 20:15 | Create | Villager (Male) |
| 20:25 | Build | Monastery |
| 20:28 | Create | Archer |
| 20:28 | Create | Archer |
| 20:36 | Create | Knight |
| 20:45 | Research | Bodkin Arrow |
| 20:57 | Build | Farm |
| 20:59 | Build | Farm |
| 21:00 | Build | Farm |
| 21:00 | Create | Villager (Male) |
| 21:03 | Create | Knight |
| 21:14 | Create | Monk |
| 21:21 | Build | Farm |
| 21:27 | Create | Knight |
| 21:40 | Create | Villager (Male) |
| 21:43 | Build | Farm |
| 21:48 | Create | Monk |
| 21:49 | Create | Villager (Male) |
| 22:00 | Create | Villager (Male) |
| 22:02 | Create | Villager (Male) |
| 22:07 | Create | Villager (Male) |
| 22:09 | Build | Farm |
| 22:10 | Build | Farm |
| 22:14 | Build | Farm |
| 22:28 | Research | Bow Saw |
| 22:28 | Research | Bow Saw |
| 22:31 | Create | Villager (Male) |
| 22:31 | Create | Villager (Male) |
| 22:37 | Create | Villager (Male) |
| 22:37 | Create | Villager (Male) |
| 22:41 | Create | Monk |
| 22:48 | Create | Archer |
| 22:49 | Create | Villager (Male) |
Match timeline
| 4:03 | Lighty · first_building Barracks |
| 5:30 | Dimo · wall_segment Palisade Wall x10 |
| 5:53 | Dimo · wall_segment Palisade Wall x6 |
| 7:53 | Dimo · wall_segment Palisade Wall x1 |
| 7:58 | Dimo · wall_segment Palisade Wall x1 |
| 8:42 | Dimo · first_building Barracks |
| 9:03 | Dimo · age_up feudal |
| 10:32 | Lighty · age_up feudal |
| 10:35 | Lighty · first_building Archery Range |
| 11:01 | Dimo · first_building Archery Range |
| 11:05 | Lighty · wall_segment Palisade Wall x2 |
| 12:16 | Lighty · wall_segment Palisade Wall x3 |
| 12:19 | Lighty · wall_segment Palisade Wall x5 |
| 12:56 | Lighty · wall_segment Palisade Wall x11 |
| 14:31 | Lighty · wall_segment Palisade Wall x5 |
| 15:11 | Lighty · wall_segment Palisade Wall x9 |
| 17:42 | Dimo · first_building Stable |
| 19:24 | Lighty · wall_segment Palisade Wall x3 |
| 19:26 | Lighty · wall_segment Palisade Wall x3 |
| 19:58 | Dimo · age_up castle |
| 20:21 | Lighty · first_building Stable |
| 20:25 | Dimo · first_building Monastery |
| 20:34 | Lighty · age_up castle |
| 21:47 | Lighty · first_building Monastery |
| 23:51 | Lighty · first_market_buy 100 food |
| 24:22 | Dimo · first_building Siege Workshop |
| 25:54 | Lighty · first_market_sell 100 wood |
| 27:48 | Lighty · first_building Siege Workshop |
| 28:43 | Dimo · first_market_buy 100 food |
| 30:31 | Dimo · age_up imperial |
| 31:24 | Dimo · first_market_sell 100 food |
| 35:29 | Lighty · first_building Castle |
| 35:53 | Dimo · first_building Castle |
| 39:06 | Dimo · wall_segment Stone Wall x1 |
| 39:39 | Lighty · age_up imperial |
| 43:31 | Dimo · wall_segment Stone Wall x1 |
| 43:32 | Dimo · wall_segment Stone Wall x1 |
| 43:34 | Dimo · wall_segment Stone Wall x1 |
| 54:41 | Lighty · wall_segment Stone Wall x7 |
| 55:12 | Lighty · wall_segment Stone Wall x11 |
| 55:40 | Dimo · wall_segment Stone Wall x1 |
| 55:42 | Dimo · wall_segment Stone Wall x1 |
| 58:27 | Lighty · wall_segment Stone Wall x1 |
| 58:55 | Dimo · wall_segment Stone Wall x1 |
| 59:10 | Lighty · resign |
[ AI ANALYSIS · 1 CREDIT ]
What really happened in this match?
Wolo.gg analyzes every decision: build order, eco, micro, common mistakes by bracket. Personalized analysis on WhatsApp or Discord in 30 seconds.
Civ guide
Persians
Perfil
Jugador #738035